 Dungeon Crawl Stone Soup version 0.22-a0-410-g97be04f (webtiles) character file.

1252 nikopol the Thaumaturge (level 8, -11/42 HPs)
             Began as a Deep Elf Fire Elementalist on May 11, 2018.
             Was an Initiate of Vehumet.
             Killed from afar by a gargoyle (24 damage)
             ... with a stone arrow
             ... on level 6 of the Dungeon.
             The game lasted 00:17:04 (5114 turns).

nikopol the Thaumaturge (DEFE)                      Turns: 5114, Time: 00:17:05

Health: -11/42     AC:  7    Str:  5    XL:     8   Next: 26%
Magic:  0/22       EV: 14    Int: 23    God:    Vehumet [......]
Gold:   305        SH:  0    Dex: 15    Spells: 13/23 levels left

rFire    . . .     SeeInvis .   (no weapon)
rCold    . . .     Gourm    .   (no shield)
rNeg     . . .     Faith    .   a - +0 robe
rPois    .         Spirit   .   C - +0 helmet
rElec    .         Reflect  .   k - +2 cloak
rCorr    .         Harm     .   (no gloves)
MR       .....                  i - +0 pair of boots
Stlth    +++.......             (no amulet)
HPRegen  0.14/turn              (no ring)
MPRegen  0.18/turn              (no ring)

@: no status effects
A: no striking features
a: Renounce Religion


You were on level 6 of the Dungeon.
You worshipped Vehumet.
Vehumet was noncommittal.
You were not hungry.

You visited 2 branches of the dungeon, and saw 7 of its levels.

You collected 305 gold pieces.

Inventory:

Armour
 a - a +0 robe (worn)
 i - a +0 pair of boots (worn)
 k - a +2 cloak (worn)
 C - a +0 helmet (worn)
Jewellery
 h - a +3 ring of dexterity {unknown}
Wands
 o - a wand of iceblast (8)
 y - a wand of paralysis (6)
Scrolls
 b - 3 scrolls of remove curse {unknown}
 e - 2 scrolls of amnesia {unknown}
 f - 4 scrolls of enchant weapon {unknown}
 g - a scroll of noise {unknown}
 j - a scroll of magic mapping {unknown}
 l - a scroll of immolation {unknown}
 n - 3 scrolls of identify {unknown}
 s - 2 scrolls of fear {unknown}
 t - 4 scrolls of teleportation {unknown}
 x - 2 scrolls of enchant armour {unknown}
Potions
 d - a potion of haste {unknown}
 m - 2 potions of lignification {unknown}
 p - a potion of ambrosia {unknown}
 q - a potion of cancellation {unknown}
 r - a potion of mutation {unknown}
 u - a potion of might {unknown}
 v - a potion of brilliance {unknown}
 w - a potion of invisibility {unknown}
 z - a potion of curing {unknown}
 A - a potion of heal wounds {unknown}
 B - a potion of degeneration {unknown}
 D - a potion of berserk rage {unknown}
Comestibles
 c - 13 rations
 E - 4 chunks of flesh


   Skills:
 + Level 0.7 Fighting
 + Level 4.1 Dodging
 + Level 3.9 Stealth
 + Level 8.0 Spellcasting
 + Level 5.6 Conjurations
 + Level 6.3 Fire Magic


You had 13 spell levels left.
You knew the following spells:

 Your Spells              Type           Power        Failure   Level  Hunger
a - Flame Tongue          Conj/Fire      #####        1%          1    None
b - Throw Flame           Conj/Fire      #####.       1%          2    None
c - Conjure Flame         Conj/Fire      #####...     1%          3    None
d - Sticky Flame          Conj/Fire      #####...     6%          4    ###....


Dungeon Overview and Level Annotations

Branches:
Dungeon (6/15)             Temple (1/1) D:5

Altars:
Elyvilon
Fedhas
Hepliaklqana
Kikubaaqudgha
Nemelex Xobeh
Qazlal
Vehumet
Yredelemnul

Shops:
D:5 =


Message History

Press: ? - help, Dir - move target cursor, p - gargoyle The fire ignites!
Casting: Conjure Flame (safe; 1% risk of failure)
Confirm with . or Enter, or press ? or * to list all spells.
Aiming: Flame Tongue (safe; 1% risk of failure)
Press: ? - help, Shift-Dir - straight line, f - gargoyle
Aim: a gargoyle, wielding a mace (lightly damaged)
The flame tongue hits the gargoyle.
The gargoyle appears unharmed.
The gargoyle is lightly damaged.
Casting: Flame Tongue (safe; 1% risk of failure)
Confirm with . or Enter, or press ? or * to list all spells.
Aiming: Flame Tongue (safe; 1% risk of failure)
Press: ? - help, Shift-Dir - straight line, f/p - gargoyle
Aim: a gargoyle, wielding a mace (lightly damaged)
The flame tongue hits the gargoyle.
The gargoyle appears unharmed.
The gargoyle is lightly damaged.
The gargoyle hurls a stone arrow at you.
The stone arrow hits you!
Ouch! That really hurt!
You die...

###
...#########.##
#....9ยง@......#
...#########.##
#.# #.# #.# #.#
#.# #.# #<##


You could see a gargoyle.

Vanquished Creatures
  A manticore (D:6)
  An ice beast (D:5)
  A phantom (D:5)
  An ogre (D:5)
  A bullfrog (D:6)
  A scorpion (D:4)
  A hound (D:4)
  A bullfrog zombie (D:5)
  2 orc priests
  Crazy Yiuf (D:4)
  A bullfrog skeleton (D:5)
  3 orc wizards
  2 worker ants
  7 adders
  4 gnolls (D:3)
  An adder skeleton (D:4)
  2 worms
  A dart slug (D:1)
  5 leopard geckos
  9 orcs
  7 bats
  4 giant cockroaches
  8 goblins
  9 hobgoblins
  12 jackals
  3 quokkas
  A ball python (D:1)
  8 frilled lizards
  12 kobolds
  A quokka skeleton (D:5)
  7 rats
118 creatures vanquished.

Notes
Turn   | Place    | Note
-------+----------+-------------------------------------------
     0 | D:1      | nikopol the Deep Elf Fire Elementalist began the quest for the Orb.
     0 | D:1      | Reached XP level 1. HP: 10/10 MP: 6/6
   213 | D:1      | Reached XP level 2. HP: 5/15 MP: 0/8
   939 | D:1      | Reached XP level 3. HP: 19/19 MP: 6/10
  1277 | D:2      | Reached skill level 4 in Spellcasting
  1582 | D:2      | Learned a level 2 spell: Throw Flame
  1586 | D:2      | Learned a level 3 spell: Conjure Flame
  1658 | D:2      | Reached XP level 4. HP: 24/24 MP: 9/12
  2119 | D:3      | Reached XP level 5. HP: 22/28 MP: 7/14
  2539 | D:3      | Learned a level 4 spell: Sticky Flame
  2814 | D:4      | Reached skill level 5 in Spellcasting
  2847 | D:4      | Reached XP level 6. HP: 27/33 MP: 5/15
  3206 | D:4      | Found a runed door.
  3683 | D:4      | Noticed Crazy Yiuf
  3686 | D:4      | Killed Crazy Yiuf
  3787 | D:5      | Entered Level 5 of the Dungeon
  3911 | D:5      | Reached skill level 6 in Spellcasting
  3911 | D:5      | Reached skill level 5 in Fire Magic
  3985 | D:5      | Found a staircase to the Ecumenical Temple.
  4015 | Temple   | Entered the Ecumenical Temple
  4045 | Temple   | Became a worshipper of Vehumet
  4096 | D:5      | Found Puimaten's Jewellery Emporium.
  4360 | D:5      | Reached XP level 7. HP: 32/37 MP: 9/18
  4954 | D:6      | Reached skill level 7 in Spellcasting
  4962 | D:6      | Reached skill level 5 in Conjurations
  5097 | D:6      | Noticed a manticore
  5102 | D:6      | Noticed a gargoyle
  5105 | D:6      | Killed a manticore
  5105 | D:6      | Reached skill level 8 in Spellcasting
  5105 | D:6      | Reached XP level 8. HP: 12/42 MP: 9/22
  5114 | D:6      | Killed from afar by a gargoyle

Vault maps used:
D:1:      dpeg_arrival_ternary, hangedman_decor_points, st_stairs_8
D:2:      first_ration
D:4:      minmay_misc_feat_encased, uniq_crazy_yiuf_cottage
D:5:      minmay_temple_entry_butterflies, serial_shops, shop,
          kennysheep_windowed_goal
D:6:      minmay_cornered_nines, marbit_many_paths, hangedman_decor_push,
          uniq_duvessa
Temple:   regret_index_temple_sphere_string

Skill      XL: |  1  2  3  4  5  6  7 |
---------------+----------------------+-----
Spellcasting   | 4 5 6 8 |  8.0
Conjurations   | 2 3 4 5 |  5.6
Fire Magic     | 4 5 6 |  6.3
Stealth        | 3 |  3.9
Dodging        | 4 |  4.1
Fighting       | |  0.7

Action                   |  1- 3 |  4- 6 |  7- 9 || total
-------------------------+-------+-------+-------++-------
Melee: Unarmed           |       |       |     2 ||     2
 Cast: Flame Tongue      |    83 |   116 |    46 ||   245
       Throw Flame       |       |     6 |     1 ||     7
       Sticky Flame      |       |     4 |     3 ||     7
       Conjure Flame     |       |     1 |     3 ||     4
  Eat: Chunk             |     1 |     9 |     3 ||    13
Armor: Robe              |     8 |    23 |     3 ||    34
Dodge: Dodged            |    23 |    36 |     7 ||    66

Table legend:
 A = Spawn XP
 B = Non-spawn XP
 C = Spawn XP percentage of total XP
 D = Spawn monster count
 E = Non-spawn monster count
 F = Spawn count percentage of total count
 G = Total turns spent on level
                    A         B        C        D         E        F      G
               +---------+---------+-------+---------+---------+-------+---------
         Total |       0 |    1789 |   0.0 |       0 |     118 |   0.0 |  5114
               +---------+---------+-------+---------+---------+-------+---------
           D:1 |       0 |      41 |   0.0 |       0 |      25 |   0.0 |  1133
           D:2 |       0 |      62 |   0.0 |       0 |      21 |   0.0 |   625
           D:3 |       0 |     179 |   0.0 |       0 |      32 |   0.0 |  1030
           D:4 |       0 |     252 |   0.0 |       0 |      18 |   0.0 |   999
           D:5 |       0 |     525 |   0.0 |       0 |      14 |   0.0 |  1029
           D:6 |       0 |     730 |   0.0 |       0 |       8 |   0.0 |   242
               +---------+---------+-------+---------+---------+-------+---------
